 Dungeon Crawl Stone Soup version 0.31-a0-750-gfe7b580527 (webtiles) character file.

Game seed: 16466344239989382259

1375 Shayle the Trooper (level 8, -5/84 HPs)
             Began as an Ogre Shapeshifter on Sept 15, 2023.
             Was a Believer of Kikubaaqudgha.
             Killed from afar by a steam dragon (15 damage)
             ... with a ball of steam
             ... on level 6 of the Dungeon.
             The game lasted 00:26:52 (5381 turns).

Shayle the Trooper (Ogre Shapeshifter)              Turns: 5381, Time: 00:26:53

Health: -5/84      AC:  7    Str: 19    XL:     8   Next: 66%
Magic:  16/16      EV:  9    Int: 19    God:    Kikubaaqudgha [**....]
Gold:   272        SH:  0    Dex:  8    Spells: 12/17 levels left

rFire   . . .        A - +2 whip (venom)
rCold   . . .        (no shield)
rNeg    . . .        H - +0 robe "Ytefrazi" {Archmagi}
rPois   .            (helmet currently unavailable)
rElec   .            (cloak currently unavailable)
rCorr   .            (gloves unavailable)
SInv    .            (boots unavailable)
Will    .....        (no amulet)
Stlth   +            m - +4 ring of protection
HPRegen 0.34/turn    p - +6 ring of intelligence
MPRegen 0.15/turn

%: archmagi
@: beast-form, invisible
A: beast (slay +2), large, unfitting armour, tough skin 1
a: Begin Untransformation, Renounce Religion, Unearth Wretches


You were on level 6 of the Dungeon.
You worshipped Kikubaaqudgha.
Kikubaaqudgha was pleased with you.
You were a hulking beast.
You visited 1 branch of the dungeon, and saw 6 of its levels.

You collected 350 gold pieces.
You spent 78 gold pieces at shops.

Inventory:

Hand Weapons
 A - a +2 whip of venom (weapon)
Missiles
 r - 2 darts of dispersal
 B - 4 large rocks (quivered)
Armour
 a - a +0 animal skin
 e - an orb of wrath
 H - the +0 robe "Ytefrazi" (worn) {Archmagi}
   (You found it on level 5 of the Dungeon)

   Archmagi:  It increases the power of your magical spells.
Jewellery
 m - a +4 ring of protection (left hand)
 n - a ring of resist corrosion
 p - a +6 ring of intelligence (right hand)
 x - a +6 ring of dexterity
 D - an amulet of faith
 F - a +6 ring of dexterity
Talismans
 c - a beast talisman (active)
 d - a flux talisman
Wands
 j - a wand of iceblast (9)
 E - a wand of flame (16)
Scrolls
 f - a scroll of fear
 g - a scroll of identify
 w - 2 scrolls of amnesia
Potions
 b - 3 potions of lignification
 h - a potion of enlightenment {unknown}
 i - a potion of mutation {unknown}
 o - a potion of curing
 q - 3 potions of cancellation
 s - 2 potions of heal wounds {unknown}
 t - 2 potions of attraction {unknown}
 u - 2 potions of invisibility
 v - a potion of berserk rage {unknown}
 z - 3 potions of resistance {unknown}


   Skills:
 + Level 6.7 Fighting
 - Level 1.7 Dodging
 + Level 5.4 Unarmed Combat
 + Level 5.3 Spellcasting
 + Level 3.1 Necromancy
 - Level 4.3 Shapeshifting


You had 12 spell levels left.
You knew the following spells:

 Your Spells              Type           Power      Damage    Failure   Level
a - Kiss of Death         Conj/Necr      64%        2d10      6%          1
b - Animate Dead          Necr           25%        N/A       32%         4

Your spell library contained the following spells:

 Spells                   Type           Power      Damage    Failure   Level
 Necrotise                Necr           100%       1d9       3%          1
 Sublimation of Blood     Necr           25%        N/A       4%          2
 Frozen Ramparts          Ice            14%        1d3       34%         3
 Inner Flame              Hex/Fire       7%         N/A       34%         3
 Petrify                  Tmut/Erth      7%         N/A       75%         4
 Metabolic Englaciation   Hex/Ice        3%         N/A       97%         5
 Yara's Violent Unravell  Hex/Tmut       3%         3d4       97%         5
 Enfeeble                 Hex            3%         N/A       100%        7


Dungeon Overview and Level Annotations

Branches:
Dungeon (6/15)
 Temple: D:4-7

Altars:
Kikubaaqudgha
Yredelemnul
The Shining One

Shops:
D:1 *   D:2 ((=?!   D:6 *

Annotations:
D:5 2 runed translucent doors, bigkahunaiguess's ghost, amateur NaMo


Innate Abilities, Weirdness & Mutations

You are a hulking beast.
Your limbs bulge with bestial killing power. (Slay +2)
You are too large for most types of armour.
You have tough skin. (AC +1)


Message History

The steam dragon claws you but does no damage.
Something hits you but does no damage. The orc closely misses you.
You strike the helpless steam dragon from behind!
You hit the steam dragon but do no damage.
The steam dragon is poisoned.
The howler monkey hits you.
* * * LOW HITPOINT WARNING * * *
The steam dragon breathes steam at you. The ball of steam hits you!
* * * LOW HITPOINT WARNING * * *
Something hits you.
* * * LOW HITPOINT WARNING * * *
The orc barely misses you. The howler monkey closely misses you.
The howler monkey closely misses you. The orc barely misses you.
The steam dragon breathes steam past the orc.
Things that are here:
a +0 dagger; a +0 robe You hit something.
Something hits you.
* * * LOW HITPOINT WARNING * * *
The orc hits you but does no damage.
Unknown command.
You feel better. Something completely misses you.
The howler monkey is engulfed in a cloud of scalding steam.
You barely miss the orc.
The orc is heavily wounded.
The howler monkey is engulfed in a cloud of scalding steam.
The steam dragon bites you but does no damage.
The steam dragon claws you.
* * * LOW HITPOINT WARNING * * *
Something hits you.
* * * LOW HITPOINT WARNING * * *
The orc hits you but does no damage.
You whack something! Kikubaaqudgha accepts your kill.
Reactivating autopickup.
You feel a bit more experienced. The steam dragon breathes steam at you.
The ball of steam hits you!
You die...
Kikubaaqudgha rasps: "You have failed me!
Welcome... death!"

## #.<...... ...... ####
.# #.(.......
∩..#.####... .#
#.....#.##.....#......##
.#
#.......##............##
########
.........##..##[......
.......# ####.#.##....#
#.....## ..####.#
#......# #.......
######.#### ##...###
###.#### #......# #.h.#
#####...# .>.###.##.#


#Dho# #.......# .... #.##.# #...# #.......# # #...##.)..# #...# #....#..# #
#....#.##.#####...#####..#.#..# # #.....##................#.#..###
#.8.....................#.#..... #.....##...............##.#.####
#....#....###.......###..[...# # You could see a steam dragon (unable to see
you, poisoned, catching breath), a howler monkey (unable to see you) and an orc
(unable to see you).

Vanquished Creatures
  A black bear (D:6)
  A centaur (D:6)
  A bullfrog (D:5)
  A gnoll sergeant (D:6)
  4 scorpions
  A crimson imp (D:4)
  A jelly (D:6)
  3 orc priests (D:4)
  4 hounds (D:5)
  2 sleepcaps (D:6)
  5 iguanas
  7 orc wizards
  7 gnolls (D:6)
  6 adders
  2 ufetubi (D:6)
  A worm (D:2)
  3 dart slugs
  10 orcs
  4 ball pythons
  4 endoplasms
  6 giant cockroaches
  4 hobgoblins
  5 quokkas
  6 bats
  3 frilled lizards (D:2)
  8 goblins
  A hobgoblin zombie (D:4)
  14 kobolds
  2 kobold skeletons (D:4)
  2 kobold zombies (D:4)
  An orc skeleton (D:4)
  2 orc zombies (D:4)
  3 rats
125 creatures vanquished.

Notes
Turn   | Place    | Note
-------+----------+-------------------------------------------
     0 | D:1      | Shayle the Ogre Shapeshifter began the quest for the Orb.
     0 | D:1      | Reached XP level 1. HP: 19/19 MP: 1/1
    65 | D:1      | Reached XP level 2. HP: 28/28 MP: 2/2
   143 | D:1      | Found Symniaw's Assorted Antiques.
   166 | D:1      | Reached skill level 2 in Fighting
   186 | D:2      | Reached skill level 1 in Spellcasting
   189 | D:2      | Found Gottifoh's Weapon Emporium.
   357 | D:1      | Reached XP level 3. HP: 30/35 MP: 4/4
   670 | D:2      | Found Hirokkoa's Magic Scroll Shop.
   701 | D:2      | Found Unwim's Weapon Emporium.
   873 | D:2      | Found Zaom's Jewellery Emporium.
   955 | D:2      | Found Tomaihui's Distillery.
   960 | D:2      | Bought 2 potions of curing for 78 gold pieces
  1018 | D:2      | Reached XP level 4. HP: 27/44 MP: 6/6
  1599 | D:3      | Found a faded altar of an unknown god.
  1618 | D:3      | Found a basalt altar of Yredelemnul.
  1718 | D:3      | Found an ancient bone altar of Kikubaaqudgha.
  1731 | D:3      | Became a worshipper of Kikubaaqudgha
  1948 | D:3      | Reached skill level 3 in Fighting
  2234 | D:4      | Reached XP level 5. HP: 53/53 MP: 8/8
  2305 | D:4      | Reached XP level 6. HP: 60/62 MP: 8/10
  2313 | D:4      | Found a glowing golden altar of the Shining One.
  2493 | D:4      | Reached skill level 4 in Fighting
  2765 | D:4      | Reached * piety under Kikubaaqudgha
  2765 | D:4      | Received a gift from Kikubaaqudgha
  2766 | D:4      | Reached XP level 7. HP: 59/71 MP: 12/12
  2769 | D:4      | Learned a level 1 spell: Kiss of Death
  2774 | D:4      | Learned a level 4 spell: Animate Dead
  3485 | D:5      | Entered Level 5 of the Dungeon
  3703 | D:5      | Identified the +0 robe "Ytefrazi" {Archmagi}
  3739 | D:5      | Reached skill level 5 in Fighting
  3739 | D:5      | Reached skill level 1 in Necromancy
  3801 | D:5      | Found a runed translucent door.
  4350 | D:5      | Found a runed translucent door.
  4353 | D:5      | Noticed bigkahunaiguess's ghost (amateur NaMo)
  4496 | D:6      | Found Giklaap's Goods Gallery.
  4751 | D:6      | Reached XP level 8. HP: 71/83 MP: 14/14
  4867 | D:6      | Reached skill level 5 in Unarmed Combat
  5018 | D:6      | Reached skill level 6 in Fighting
  5197 | D:6      | Reached skill level 5 in Spellcasting
  5216 | D:6      | Reached ** piety under Kikubaaqudgha
  5381 | D:6      | Killed from afar by a steam dragon

Illustrated notes

Levels and vault maps discovered:
D:1:      minmay_arrival_nine_rooms, layout_rooms, serial_shops, shop
D:2:      layout_loops_ring, serial_shops, shop, shop, shop, shop,
          nicolae_shop_bloodbath_and_beyond, minmay_tetromino_t4
D:3:      layout_loops_ring, mainiacjoe_overflow_cross_hatched,
          nicolae_kikubaaqudgha_miasma_corner, ebering_ecumenical_altar_box
D:4:      layout_loops_corners, nicolae_tso_besieged_by_evil,
          nicolae_zen_rock_garden
D:5:      layout_loops_corners, ebering_ghost_sewer_f, minmay_misc_feat_columns
D:6:      layout_loops_cross, minmay_temple_entry_from_below_a,
          nicolae_alphabet_shops, grunt_ministairs_12

Skill      XL: |  1  2  3  4  5  6  7  8 |
---------------+-------------------------+-----
Fighting       | 2 3 4 5 6 |  6.7
Spellcasting   | 1 2 3 4 5 |  5.3
Unarmed Combat | 3 4 5 |  5.4
Shapeshifting  | 4 |  4.3
Necromancy     | 2 3 |  3.1
Dodging        | |  1.7

Action                     |  1- 3 |  4- 6 |  7- 9 || total
---------------------------+-------+-------+-------++-------
  Melee: Unarmed           |   139 |   107 |       ||   246
         Punch             |     2 |     2 |     7 ||    11
         Whip              |       |     6 |   162 ||   168
  Throw: Dart              |       |     2 |     1 ||     3
         Large rock        |       |       |     4 ||     4
  Evoke: Wand              |       |       |     3 ||     3
    Use: Scroll            |       |     2 |    14 ||    16
         Potion            |       |     1 |     3 ||     4
   Stab: Invisible         |       |       |     1 ||     1
 Armour: Animal skin       |    91 |    65 |    30 ||   186
         Skin              |       |     4 |       ||     4
         Robe              |       |       |   148 ||   148
  Dodge: Dodged            |    63 |    41 |    93 ||   197

Table legend: (Time is in decaauts)
 A = Elapsed time spent in this place.
 B = Non-inter-level travel time spent in this place.
 C = Inter-level travel time spent in this place.
 D = Time resting spent in this place.
 E = Time spent auto-exploring this place.
 F = Levels seen in this place.
 G = Mean time per level.
                   A        B        C        D        E       F      G
               +--------+--------+--------+--------+--------+-----+--------+
         Total |   5384 |   5196 |    188 |    448 |   3420 |   6 |  897.3 |
       Dungeon |   5384 |   5196 |    188 |    448 |   3420 |   6 |  897.3 |
               +--------+--------+--------+--------+--------+-----+--------+

Top non-repeatable levels by time:
     D:4: 1352 daAuts
     D:5: 1109 daAuts
     D:2: 844 daAuts
     D:6: 801 daAuts
     D:3: 660 daAuts
     D:1: 616 daAuts
